 Dungeon Crawl Stone Soup version 0.28-a0-1415-g7c84da036a (webtiles) character file.

Game seed: 704287287459753149

2188 Hasart the Sneak (level 9, -6/40 HPs)
             Began as a Kobold Enchanter on Jan 7, 2022.
             Was a Follower of Hepliaklqana.
             Mangled by Joseph (12 damage)
             ... on level 7 of the Dungeon.
             The game lasted 00:13:34 (7464 turns).

Hasart the Sneak (Kobold Enchanter)                 Turns: 7464, Time: 00:13:34

Health: -6/40      AC:  6    Str:  5    XL:     9   Next: 59%
Magic:  12/16      EV: 19    Int: 21    God:    Hepliaklqana [*.....]
Gold:   276        SH:  0    Dex: 21    Spells: 10/18 levels left

rFire   + . .      SeeInvis +   r - +2 rapier (elec)
rCold   + . .      Faith    .   (no shield)
rNeg    . . .      Spirit   .   B - +1 robe {rF+}
rPois   .          Reflect  .   (no helmet)
rElec   .          Harm     .   (no cloak)
rCorr   .          Rampage  .   y - +0 pair of gloves of Sobum {rC+ SInv}
Will    .....                   j - +1 pair of boots
Stlth   +++++.....              a - amulet of magic regeneration
HPRegen 0.13/turn               f - ring of see invisible
MPRegen 0.55/turn               g - +6 ring of dexterity

@: confusing by touch
A: reduced essence, small, no large weapons, nightstalker 3
a: Renounce Religion, Recall Ancestor, Ancestor Identity


You were on level 7 of the Dungeon.
You worshipped Hepliaklqana.
Hepliaklqana was aware of your devotion.
You visited 2 branches of the dungeon, and saw 8 of its levels.

You collected 276 gold pieces.

Inventory:

Hand Weapons
 n - the +9 dagger of Arbitration {venom, rF- Will+ Dex+5}
   (You found it on level 2 of the Dungeon)

   It poisons the flesh of those it strikes.
   Dex:       It affects your dexterity (+5).
   rF:        It makes you vulnerable to fire.
   Will:      It increases your willpower.
 r - a +2 rapier of electrocution (weapon)
Armour
 j - a +1 pair of boots (worn)
 y - the +0 pair of gloves of Sobum (worn) {rC+ SInv}
   (You found it on level 5 of the Dungeon)

   rC:        It protects you from cold.
   SInv:      It lets you see invisible.
 B - a +1 robe of fire resistance (worn)
Jewellery
 a - an amulet of magic regeneration (around neck)
 f - a ring of see invisible (left hand)
 g - a +6 ring of dexterity (right hand)
 o - a ring of magical power
 s - a ring of fire
Wands
 u - a wand of iceblast (7)
Scrolls
 d - 3 scrolls of magic mapping
 e - a scroll of summoning
 l - 2 scrolls of teleportation
 p - 2 scrolls of fog
 t - 3 scrolls of identify
 v - 2 scrolls of immolation
 w - 2 scrolls of vulnerability
 A - a scroll of silence {unknown}
Potions
 b - a potion of mutation {unknown}
 c - a potion of invisibility
 h - a potion of heal wounds
 i - a potion of cancellation {unknown}
 k - a potion of brilliance {unknown}
 m - 6 potions of curing
 q - 3 potions of attraction {unknown}
 x - a potion of degeneration {unknown}
 z - a potion of lignification {unknown}
 C - a potion of haste {unknown}


   Skills:
 + Level 6.3 Short Blades
 + Level 6.0 Dodging
 + Level 7.8 Stealth
 + Level 5.2 Spellcasting
 * Level 7.4 Hexes
 + Level 1.9 Ice Magic
 + Level 2.4 Evocations


You had 10 spell levels left.
You knew the following spells:

 Your Spells              Type           Power      Damage    Failure   Level
a - Ensorcelled Hibernat  Hex/Ice        50%        N/A       2%          2
b - Confusing Touch       Hex            36%        N/A       1%          3
c - Tukima's Dance        Hex            36%        N/A       1%          3

Your spell library contained the following spells:

 Spells                   Type           Power      Damage    Failure   Level
 Dazzling Flash           Conj/Hex       42%        N/A       7%          3
 Corpse Rot               Necr/Air       10%        N/A       16%         2
 Ignite Poison            Fire/Tmut/Pois 5%         N/A       32%         3
 Mephitic Cloud           Conj/Pois/Air  5%         N/A       32%         3
 Stone Arrow              Conj/Erth      10%        3d7       32%         3
 Animate Armour           Summ/Erth      10%        N/A       71%         4
 Dispel Undead            Necr           5%         3d7       71%         4
 Freezing Cloud           Conj/Ice/Air   4%         6-21      92%         5
 Death Channel            Necr           2%         N/A       100%        6
 Lehudib's Crystal Spear  Conj/Erth      2%         10d2      100%        8


Dungeon Overview and Level Annotations

Branches:
Dungeon (7/15)             Temple (1/1) D:5

Altars:
Ashenzari
Cheibriados
Dithmenos
Elyvilon
Hepliaklqana
Makhleb
Sif Muna
Vehumet
Wu Jian
Zin
The Shining One

Shops:
D:3 =

Annotations:
D:7 Joseph


Innate Abilities, Weirdness & Mutations

Your life essence is reduced to manifest your ancestor. (-10% HP)
You are small and have problems with some larger weapons.
You are completely attuned to the shadows.


Message History

Joseph unwields a +0 hunting sling.
Joseph wields a +1 spectral quarterstaff.
Joseph barely misses you.
You barely miss Joseph.
Joseph is severely wounded.
Unknown command.
You swap places.
Joseph hits Nolwazi with a +1 spectral quarterstaff!!
Nolwazi hits Joseph.
Unknown command.
Casting: Ensorcelled Hibernation (safe; 2% risk of failure)
Confirm with . or Enter, or press ? or * to list all spells.
Aiming: Tukima's Dance (safe; 1% risk of failure)
Press: ? - help, Shift-Dir - straight line, f/p - Joseph
Aim: Joseph, wielding a +1 spectral quarterstaff, wearing a +0 leather armour and quivering sling bullets (severely wounded, ally target, chance to affect: 47%) Nolwazi avoids your attack.
The +1 spectral quarterstaff dances into the air!
Joseph wields a +0 hunting sling.
Joseph shoots a sling bullet.
The sling bullet closely misses Nolwazi.
The sling bullet hits you!!
Ouch! That really hurt!
Nolwazi hits Joseph.
Unknown command.
Casting: Tukima's Dance (safe; 1% risk of failure)
Confirm with . or Enter, or press ? or * to list all spells.
Aiming: Tukima's Dance (safe; 1% risk of failure)
Press: ? - help, Shift-Dir - straight line, f/p - Joseph
Aim: Joseph, wielding a +0 hunting sling, wearing a +0 leather armour and quivering sling bullets (almost dead, ally target, chance to affect: 47%)
Okay, then.
Casting: Tukima's Dance (safe; 1% risk of failure)
Confirm with . or Enter, or press ? or * to list all spells.
Your hands begin to glow red.
Nolwazi hits Joseph.
Joseph unwields a +0 hunting sling.
Joseph closely misses Nolwazi.
You swap places.
Joseph wields a +0 hunting sling.
Joseph shoots a sling bullet.
The sling bullet hits you!
* * * LOW HITPOINT WARNING * * *
You completely miss Joseph.
Joseph is almost dead.
Joseph unwields a +0 hunting sling.
Joseph hits you!
You die...

#.....# #.....####..
#.....##############.#....#
#.......(.........##.#)###
#.....###########.##))..)#
##.###......#...#R##..##.#
#.##.........#...##...#)#
#.########.########.#)#)#
#######.........R.........#.).###
#....###########@###########.....
#.##.# #.. ###@###### #.####
#.##.###.# #...(....# #..#
#.#....#.# #........# ##.##
#....#.#.#.###........# #..#
####.#.#.#............# ##.##
#.#...#####........# #..#
####'##...............# ##.#
......#...............# #.#


You could see the friendly Nolwazi the ancestor, Joseph (ally target) and a
friendly +1 spectral quarterstaff.

Vanquished Creatures
  Grinder (D:3)
  2 steam dragons (D:7)
  An orc warrior (D:6)
  A sky beast (D:6)
  A black bear (D:7)
  A necrophage (D:7)
  An ogre (D:5)
  A bullfrog (D:7)
  A scorpion (D:4)
  2 water moccasin zombies
  2 wights
  A howler monkey (D:6)
  A centaur zombie (D:6)
  2 jellies
  2 orc priests
  4 bullfrog skeletons
  2 centaur skeletons
  2 hounds
  2 iguanas
  5 orc wizards
  A howler monkey zombie (D:7)
  10 adders
  A shadow imp (D:5)
  An ufetubus (D:5)
  2 worms
  2 dart slugs
  15 orcs
  7 endoplasms
  A giant cockroach (D:2)
  5 goblins
  5 hobgoblins
  3 jackals (D:5)
  4 quokkas
  12 ball pythons
  4 bats
  4 frilled lizards
  8 kobolds
  4 rats
124 creatures vanquished.

Vanquished Creatures (collateral kills)
  An orc warrior (D:7)
  A hound (D:6)
  An orc priest (D:7)
  An adder (D:6)
  An orc (D:7)
5 creatures vanquished.

Vanquished Creatures (others)
  A dancing weapon (D:7)
  2 ancestors (D:7)
3 creatures vanquished.

Grand Total: 132 creatures vanquished

Notes
Turn   | Place    | Note
-------+----------+-------------------------------------------
     0 | D:1      | Hasart the Kobold Enchanter began the quest for the Orb.
     0 | D:1      | Reached XP level 1. HP: 10/10 MP: 3/3
   268 | D:1      | Reached XP level 2. HP: 15/15 MP: 5/5
   275 | D:1      | Learned a level 2 spell: Ensorcelled Hibernation
   364 | D:1      | Found a faded altar of an unknown god.
  1025 | D:1      | Reached XP level 3. HP: 19/19 MP: 6/6
  1476 | D:2      | Identified the +9 dagger of Arbitration {venom, rF- Will+
                  | Dex+5}
  2029 | D:2      | Reached XP level 4. HP: 24/24 MP: 7/7
  2750 | D:4      | Reached XP level 5. HP: 28/28 MP: 6/9
  2798 | D:3      | Reached skill level 5 in Stealth
  2939 | D:3      | Found Zyily's Jewellery Shop.
  3024 | D:3      | Noticed Grinder
  3025 | D:3      | Paralysed by Grinder for 3 turns
  3050 | D:3      | Killed Grinder
  3051 | D:3      | Reached XP level 6. HP: 27/32 MP: 9/11
  3055 | D:3      | Learned a level 3 spell: Confusing Touch
  3217 | D:3      | You fall into a shaft and drop 3 floors!
  3223 | D:6      | Reached XP level 7. HP: 36/36 MP: 12/12
  3227 | D:6      | Learned a level 3 spell: Tukima's Dance
  3257 | D:6      | Reached skill level 5 in Hexes
  3259 | D:5      | Entered Level 5 of the Dungeon
  3425 | D:5      | Found a staircase to the Ecumenical Temple.
  3432 | Temple   | Entered the Ecumenical Temple
  3462 | Temple   | Became a worshipper of Hepliaklqana the Forgotten
  4424 | D:3      | Reached XP level 8. HP: 41/41 MP: 14/14
  4695 | D:4      | Reached * piety under Hepliaklqana
  5310 | D:5      | Found a glowing golden altar of the Shining One.
  5434 | D:5      | Identified the +0 pair of gloves of Sobum {rC+ SInv}
  5585 | D:6      | Reached skill level 5 in Short Blades
  5789 | D:6      | Reached skill level 5 in Dodging
  6555 | D:7      | Reached skill level 1 in Evocations
  6555 | D:7      | Reached XP level 9. HP: 10/40 MP: 12/16
  6557 | D:7      | Reached skill level 1 in Ice Magic
  6580 | D:7      | Reached skill level 5 in Spellcasting
  7073 | D:7      | Noticed Joseph
  7464 | D:7      | Mangled by Joseph

Illustrated notes

Levels and vault maps discovered:
D:1:      amcnicky_arrival_flooded_fountain, layout_basic,
          nicolae_ecumenical_snake_handling, minmay_hedge_maze
D:2:      layout_loops_ring, kennysheep_generic_room_16
D:3:      layout_basic, serial_shops, nicolae_shop_crystal, serial_curves,
          eino_curves_01, eino_curves_04, hangedman_glass_teeth, uniq_grinder
D:4:      layout_loops_ring
D:5:      layout_rooms, mainiacjoe_overflow_boulevard,
          minmay_temple_entry_sparse_star, nrook_loot_triangle,
          hangedman_decor_diamond_cutter, st_stairs_14
D:6:      layout_rooms
D:7:      layout_basic, uniq_joseph
Temple:   compressed_dpeg_triangle_lava_temple

Skill      XL: |  1  2  3  4  5  6  7  8  9 |
---------------+----------------------------+-----
Short Blades   | 2 3 4 5 6 |  6.3
Dodging        | 3 4 5 6 |  6.0
Stealth        | 5 6 7 |  7.8
Hexes          | 4 5 6 7 |  7.4
Spellcasting   | 3 4 5 |  5.2
Evocations     | 1 2 |  2.4
Ice Magic      | 1 |  1.9

Action                   |  1- 3 |  4- 6 |  7- 9 || total
-------------------------+-------+-------+-------++-------
Melee: Dagger            |    71 |    46 |   157 ||   274
       Punch             |     1 |       |     1 ||     2
       Rapier            |       |       |     4 ||     4
 Cast: Ensorcelled Hiber |     1 |     2 |     4 ||     7
       Tukima's Dance    |       |       |     3 ||     3
       Confusing Touch   |       |       |     6 ||     6
  Use: Scroll            |       |       |     9 ||     9
 Stab: Sleeping          |    17 |    12 |    37 ||    66
       Confused          |       |       |     3 ||     3
Armor: Robe              |     6 |     5 |    13 ||    24
Dodge: Dodged            |    54 |    22 |    83 ||   159

Table legend: (Time is in decaauts)
 A = Elapsed time spent in this place.
 B = Non-inter-level travel time spent in this place.
 C = Inter-level travel time spent in this place.
 D = Time resting spent in this place.
 E = Time spent auto-exploring this place.
 F = Levels seen in this place.
 G = Mean time per level.
                   A        B        C        D        E       F      G
               +--------+--------+--------+--------+--------+-----+--------+
         Total |   7416 |   7231 |    185 |    768 |   5441 |   8 |  927.0 |
       Dungeon |   7375 |   7200 |    175 |    768 |   5421 |   7 | 1053.6 |
        Temple |     40 |     30 |     10 |      0 |     20 |   1 |   40.0 |
               +--------+--------+--------+--------+--------+-----+--------+

Top non-repeatable levels by time:
     D:1: 1417 daAuts
     D:6: 1140 daAuts
     D:4: 1137 daAuts
     D:3: 1066 daAuts
     D:2: 1036 daAuts
     D:7: 827 daAuts
     D:5: 749 daAuts
  Temple: 40 daAuts
